 Dungeon Crawl Stone Soup version 0.22.1-2-g9c5b331 (webtiles) character file.

65825 HoaS the Brawler (level 15, -7/98 HPs)
             Began as a Gargoyle Berserker on Dec 28, 2018.
             Was the Champion of Trog.
             Killed by divine providence
             ... invoked by an orc priest
              (10 damage)
             ... on level 2 of the Orcish Mines.
             The game lasted 01:17:06 (20054 turns).

HoaS the Brawler (Gargoyle Berserker)              Turns: 20054, Time: 01:17:07

Health: -7/98      AC: 40    Str: 22    XL:     15   Next: 17%
Magic:  15/15      EV: 19    Int:  8    God:    Trog [******]
Gold:   2034       SH:  0    Dex: 14    Spells: 14/14 levels left

rFire    . . .     SeeInvis +     - Unarmed
rCold    . . .     Gourm    .   (no shield)
rNeg     + . .     Faith    .   q - +9 scale mail of Gluttony {rElec}
rPois    ∞         Spirit   .   a - +2 hat
rElec    +         Reflect  .   k - +2 cloak
rCorr    .         Harm     .   H - +0 pair of gloves
MR       +....                  w - +2 pair of boots
Stlth    ..........             A - amulet of regeneration
HPRegen  0.66/turn              d - +3 ring of evasion
MPRegen  0.14/turn              F - ring of see invisible

@: flying
A: big wings, negative energy resistance 1, electricity resistance, unbreathing,
petrification resistance, rot immunity, AC +11
a: Stop Flying, Berserk, Trog's Hand, Brothers in Arms, Renounce Religion


You were on level 2 of the Orcish Mines.
You worshipped Trog.
Trog was exalted by your worship.
You were hungry.

You visited 3 branches of the dungeon, and saw 20 of its levels.
You also visited: Ossuary and Ice Cave.

You collected 2384 gold pieces.
You spent 350 gold pieces at shops.

Inventory:

Armour
 a - a +2 hat (worn)
 k - a +2 cloak (worn)
 q - the +9 scale mail of Gluttony (worn) {rElec}
   (You found it on level 12 of the Dungeon)

   It insulates you from electricity.
 w - a +2 pair of boots (worn)
 H - a +0 pair of gloves (worn)
Jewellery
 d - a +3 ring of evasion (left hand)
 A - an amulet of regeneration (around neck)
 F - a ring of see invisible (right hand)
Wands
 c - a wand of polymorph (8)
 g - a wand of flame (90)
 l - a wand of iceblast (38)
 n - a wand of digging (17)
 r - a wand of random effects (42)
 D - a wand of disintegration (11)
 E - a wand of paralysis (9)
 I - a wand of enslavement (6)
Scrolls
 e - 8 scrolls of fog
 o - 12 scrolls of remove curse
 p - 8 scrolls of teleportation
 u - 4 scrolls of blinking
 y - 4 scrolls of fear
 C - a scroll of identify
Potions
 f - 5 potions of haste
 h - 4 potions of ambrosia
 i - a potion of resistance
 j - 6 potions of agility
 m - 14 potions of curing
 s - 8 potions of heal wounds
 t - 2 potions of mutation
 v - 3 potions of berserk rage
 x - a potion of lignification {unknown}
 z - a potion of might
Comestibles
 b - 27 rations
 B - 9 chunks of flesh


   Skills:
 + Level 13.1 Fighting
 + Level 13.0 Armour
 + Level 10.3 Dodging
 * Level 16.2 Unarmed Combat


You had 14 spell levels left.
You didn't know any spells.
Your spell library was empty.

Dungeon Overview and Level Annotations

Branches:
Dungeon (12/15)            Temple (0/1) D:4            Lair (6/6) D:10
  Swamp (0/4) Lair:4        Snake (0/4) Lair:3        Slime (0/5) Lair:6
    Orc (2/2) D:11
    Elf: Orc:2

Altars:
Elyvilon
Fedhas
Sif Muna
Trog
Uskayaw
Beogh
Jiyva

Shops:
D:4 %   D:5 %   D:8 [   D:9 !   D:10 !

Annotations:
D:7 2 transporters
Lair:3 exclusion: 2 oklob plants


Innate Abilities, Weirdness & Mutations

You are resistant to torment.
Your stone body is resilient. (AC +11)
You are immune to poison.
Your large and strong wings let you fly indefinitely.
You resist negative energy. (rN+)
You are resistant to electric shocks. (rElec)
You can survive without breathing.
You are immune to petrification.
You are immune to rotting.


Message History

The orc knight hits you from afar with a halberd!!
* * * LOW HITPOINT WARNING * * *
You hit the orc.
The orc is heavily wounded.
The orc wizard hits you but does no damage.
The orc completely misses you. The orc warrior barely misses you.
You pummel the orc!!
You kill the orc!
Trog accepts your kill.
The orc knight hits you from afar with a halberd!
* * * LOW HITPOINT WARNING * * *
The orc wizard points at you and mumbles some strange words.
The magic dart hits you!
You swing at nothing.
The orc knight no longer looks unusually strong.
The orc warrior closely misses you.
The orc no longer looks unusually strong.
The orc priest mumbles some strange prayers to Beogh against you.
Beogh smites you!
You die...

##.##.##....................
#...)####...........#......#
##..()..#...#.............#.
###.)...##..........o.......
.#.......##..o.ooo..#........
#..........#...##o#............
#......#.......#oo....#....###.
......####..)..(#.#.####....###
.....# #......@o.######....##
..... ###........# #....##
..... ##...#..## ##.### #.
#..<.#### ### #.(.... .........
...##.#.## ... ##


You could see an orc knight, an orc warrior, 2 orc priests, an orc wizard and 3
orcs.

Vanquished Creatures
  Rupert (Lair:6)
  A stone giant (Orc:2)
  5 hydras
  A merfolk avatar (Lair:6)
  A catoblepas (Lair:5)
  2 two-headed ogres
  Erica (D:11)
  3 orc high priests (Orc:1)
  Nergalle (D:10)
  A shambling mangrove (Lair:5)
  Pikel (D:6)
  2 harpies (Lair:6)
  A necromancer (IceCv)
  3 orc knights
  A manticore (Lair:6)
  4 ugly things
  2 cyclopes (D:12)
  3 orc sorcerers (Orc:1)
  15 elephants
  Maurice (Orc:2)
  5 black mambas
  Joseph (D:10)
  2 ice statues (IceCv)
  10 spiny frogs
  5 rime drakes
  8 komodo dragons
  8 ice devils (IceCv)
  6 trolls
  A wind drake (Lair:6)
  4 polar bears (Lair:6)
  A queen bee (Lair:3)
  A tyrant leech (Lair:4)
  3 hornets
  4 blink frogs (Lair:4)
  6 hippogriffs
  Sigmund (D:4)
  A wraith (D:11)
  6 wyverns
  50 yaks
  A shadow (D:12)
  Eustachio (D:4)
  A basilisk (Lair:2)
  2 vampire mosquitoes (D:12)
  2 wargs
  13 water moccasins
  2 swamp worms (Lair:4)
  5 nagas (Lair:3)
  Duvessa (D:7)
  10 porcupines
  25 orc warriors
  11 ice beasts
  A sky beast (D:6)
  3 black bears
  A necrophage (D:10)
  6 ogres
  5 phantoms
  The ghost of Barsley the Ruffian, an amateur DrTm of Ru (D:3)
  9 centaurs
  12 crocodiles
  Blork the orc (D:5)
  16 bullfrogs
  A gnoll sergeant (D:9)
  A water moccasin zombie (Ossuary)
  Dowan (D:7)
  4 scorpions
  A water moccasin skeleton (D:7)
  25 killer bees
  9 wights (D:10)
  8 howler monkeys
  3 electric eels
  6 crimson imps
  6 bullfrog zombies
  4 centaur zombies
  A draconian simulacrum (IceCv)
  7 hounds
  A quasit (D:12)
  17 orc priests
  4 centaur skeletons
  4 jellies
  13 orc wizards
  6 worker ants
  Ijyb (D:4)
  3 iguanas
  A troll simulacrum (IceCv)
  2 killer bee zombies (Ossuary)
  2 centaur simulacra (IceCv)
  2 hound zombies
  9 mummies (Ossuary)
  A howler monkey zombie (D:10)
  4 worker ant zombies
  12 gnolls
  A howler monkey skeleton (D:4)
  5 ogre simulacra (IceCv)
  16 adders
  A naga simulacrum (IceCv)
  A shadow imp (D:10)
  2 oozes (D:2)
  An adder skeleton (D:4)
  11 adder zombies
  A worm (D:2)
  A leopard gecko (D:9)
  67 orcs
  A ball python (D:5)
  2 giant cockroaches
  3 goblins
  9 hobgoblins
  14 jackals
  5 quokkas
  A bat (D:1)
  5 frilled lizards
  3 jackal zombies
  10 kobolds
  3 leopard gecko zombies
  A quokka skeleton (D:4)
  2 quokka zombies (Ossuary)
  7 rats
  A fungus (Lair:3)
635 creatures vanquished.

Vanquished Creatures (others)
  An orc wizard (Orc:1)
  An orc (Orc:1)
  5 fungi
  3 plants
  A withered plant (Ossuary)
11 creatures vanquished.

Grand Total: 646 creatures vanquished

Notes
Turn   | Place    | Note
-------+----------+-------------------------------------------
     0 | D:1      | HoaS the Gargoyle Berserker began the quest for the Orb.
     0 | D:1      | Reached XP level 1. HP: 14/14 MP: 1/1
   268 | D:1      | Reached XP level 2. HP: 4/19 MP: 2/2
   996 | D:2      | Reached XP level 3. HP: 19/23 MP: 3/3
  1408 | D:2      | Reached XP level 4. HP: 21/29 MP: 4/4
  1485 | D:2      | Reached ** piety under Trog
  1485 | D:2      | Reached skill level 4 in Unarmed Combat
  2215 | D:3      | Reached XP level 5. HP: 31/33 MP: 5/5
  2279 | D:3      | Found a deep blue altar of Sif Muna.
  2353 | D:3      | Found a runed door.
  2356 | D:3      | Noticed Barsley's ghost (amateur DrTm)
  2706 | D:3      | Killed Barsley's ghost
  2706 | D:3      | Reached XP level 6. HP: 35/38 MP: 6/6
  2912 | D:4      | Reached skill level 5 in Unarmed Combat
  3007 | D:4      | Noticed Sigmund
  3016 | D:4      | Killed Sigmund
  3016 | D:4      | Reached XP level 7. HP: 44/44 MP: 7/7
  3102 | D:4      | Found a staircase to the Ecumenical Temple.
  3125 | D:4      | Reached skill level 5 in Fighting
  3276 | D:4      | Noticed Eustachio
  3310 | D:4      | Killed Eustachio
  3310 | D:4      | Reached skill level 6 in Unarmed Combat
  3440 | D:4      | Noticed Ijyb
  3461 | D:4      | Killed Ijyb
  3527 | D:4      | Reached XP level 8. HP: 49/49 MP: 8/8
  3763 | D:4      | Found Sazeq's Food Shoppe.
  3922 | D:5      | Entered Level 5 of the Dungeon
  4057 | D:5      | Noticed Blork the orc
  4073 | D:5      | Killed Blork the orc
  4073 | D:5      | Reached skill level 5 in Armour
  4260 | D:5      | Found Efree's Food Boutique.
  4421 | D:5      | Reached skill level 7 in Unarmed Combat
  4669 | D:6      | Reached *** piety under Trog
  4746 | D:6      | Reached XP level 9. HP: 50/55 MP: 9/9
  4907 | D:6      | Reached skill level 8 in Unarmed Combat
  4981 | D:6      | Noticed a hand axe
  4981 | D:6      | Noticed a dagger
  4993 | D:6      | Found a hide-covered altar of Uskayaw.
  5212 | D:6      | Noticed Pikel
  5219 | D:6      | Killed Pikel
  5219 | D:6      | Reached skill level 5 in Dodging
  5447 | D:7      | Found a transporter.
  5447 | D:7      | Noticed a kobold demonologist
  5814 | D:7      | Found a transporter.
  5819 | D:7      | Reached skill level 9 in Unarmed Combat
  5867 | D:7      | Reached XP level 10. HP: 50/63 MP: 10/10
  5883 | D:7      | Reached **** piety under Trog
  5982 | D:7      | Found a white marble altar of Elyvilon.
  6009 | D:7      | Found a sand-covered staircase.
  6017 | Ossuary  | Entered an ossuary
  6489 | D:7      | Noticed Duvessa
  6535 | D:7      | Killed Duvessa
  6573 | D:7      | Noticed Dowan
  6591 | D:7      | Killed Dowan
  6909 | D:8      | Found a blossoming altar of Fedhas.
  7038 | D:8      | Identified a scroll of acquirement
  7330 | D:8      | Found a bloodstained altar of Trog.
  7673 | D:8      | Found Umekkaug's Antique Armour Shoppe.
  7991 | D:9      | Reached skill level 10 in Unarmed Combat
  8578 | D:9      | Reached ***** piety under Trog
  8884 | D:9      | Found Paimamec's Distillery.
  8892 | D:9      | Bought a potion of curing for 42 gold pieces
  8892 | D:9      | Bought a potion of agility for 56 gold pieces
  8892 | D:9      | Bought a potion of heal wounds for 70 gold pieces
  8892 | D:9      | Bought a potion of agility for 56 gold pieces
  8892 | D:9      | Bought a potion of heal wounds for 70 gold pieces
  8892 | D:9      | Bought a potion of agility for 56 gold pieces
  9119 | D:10     | Entered Level 10 of the Dungeon
  9267 | D:9      | Reached XP level 11. HP: 68/69 MP: 11/11
  9317 | D:10     | Reached skill level 11 in Unarmed Combat
  9377 | D:10     | Noticed a cyan ugly thing
  9405 | D:10     | Killed a cyan ugly thing
  9464 | D:10     | Noticed Nergalle
  9475 | D:10     | Noticed a spectral orc warlord
  9489 | D:10     | Killed Nergalle
  9497 | D:10     | Noticed a two-headed ogre
  9506 | D:10     | Killed a two-headed ogre
  9525 | D:10     | Noticed Joseph
  9547 | D:10     | Killed Joseph
  9733 | D:10     | Found Keedium's Distillery.
  9930 | D:10     | Found a staircase to the Lair.
 10095 | D:10     | Received a gift from Trog
 10188 | D:11     | Noticed Erica
 10202 | D:11     | Killed Erica
 10302 | D:11     | Reached skill level 12 in Unarmed Combat
 10349 | D:11     | Noticed a green ugly thing
 10349 | D:11     | Noticed a red ugly thing
 10573 | D:10     | Killed a red ugly thing
 10579 | D:10     | Killed a cyan ugly thing
 10579 | D:10     | Reached XP level 12. HP: 69/77 MP: 12/12
 10776 | D:11     | Found a staircase to the Orcish Mines.
 10933 | D:11     | Reached skill level 10 in Fighting
 11544 | D:12     | Reached skill level 10 in Armour
 11608 | D:12     | Got a brightly glowing scale mail
 11619 | D:12     | Identified the +9 scale mail of Gluttony {rElec} (You found
                  | it on level 12 of the Dungeon)
 11697 | D:12     | Noticed a two-headed ogre
 11709 | D:12     | Killed a two-headed ogre
 12122 | D:12     | Reached skill level 13 in Unarmed Combat
 12303 | Lair:1   | Entered Level 1 of the Lair of Beasts
 12403 | Lair:1   | Noticed an eight-headed hydra
 12423 | Lair:1   | Killed an eight-headed hydra
 12654 | Lair:1   | Found a labyrinth entrance.
 13278 | Lair:2   | Noticed a five-headed hydra
 13286 | Lair:2   | Killed a five-headed hydra
 13362 | Lair:2   | Reached XP level 13. HP: 84/84 MP: 13/13
 13855 | Lair:3   | Found a frozen archway.
 13907 | IceCv    | Entered an ice cave
 14250 | IceCv    | Reached ****** piety under Trog
 14341 | IceCv    | Reached skill level 14 in Unarmed Combat
 14776 | Lair:3   | Received a gift from Trog
 14940 | Lair:3   | Found a staircase to the Snake Pit.
 15018 | Lair:3   | Got a bloodstained arbalest
 15019 | Lair:3   | Identified the cursed +2 arbalest "Arbiter" {flame, rPois
                  | Str+2 Dex-2} (You found it on level 3 of the Lair of
                  | Beasts)
 15822 | Lair:4   | Found a staircase to the Swamp.
 16617 | Lair:5   | Gained mutation: Your large and strong wings let you fly
                  | indefinitely. [Gargoyle growth]
 16617 | Lair:5   | Reached XP level 14. HP: 91/91 MP: 14/14
 17229 | Lair:6   | Entered Level 6 of the Lair of Beasts
 17282 | Lair:6   | Reached skill level 15 in Unarmed Combat
 17399 | Lair:6   | Received a gift from Trog
 17404 | Lair:6   | Found a viscous altar of Jiyva.
 17405 | Lair:6   | Found a staircase to the Slime Pits.
 17761 | Lair:6   | Noticed Rupert
 17767 | Lair:6   | Paralysed by Rupert for 3 turns
 17786 | Lair:6   | Killed Rupert
 18100 | Lair:6   | Reached skill level 10 in Dodging
 18645 | Orc:1    | Entered Level 1 of the Orcish Mines
 18782 | Orc:1    | Paralysed by an orc sorcerer for 4 turns
 19142 | Orc:1    | Reached skill level 16 in Unarmed Combat
 19239 | Orc:1    | Reached XP level 15. HP: 97/97 MP: 15/15
 19312 | Orc:1    | Received a gift from Trog
 19574 | Orc:1    | Found a roughly hewn altar of Beogh.
 19796 | Orc:2    | Entered Level 2 of the Orcish Mines
 19818 | Orc:2    | Noticed Maurice
 19824 | Orc:2    | Killed Maurice
 19914 | Orc:2    | Found a roughly hewn altar of Beogh.
 20052 | Orc:2    | HP: 2/98 [orc knight/halberd (10)]
 20054 | Orc:2    | Killed from afar by an orc priest

Skill      XL: |  1  2  3  4  5  6  7  8  9 10 11 12 13 14 15 |
---------------+----------------------------------------------+-----
Dodging        | 2 3 4 5 6 7 8 9 10 | 10.3
Armour         | 3 4 5 7 8 9 10 11 12 13 | 13.0
Unarmed Combat | 4 5 6 7 9 10 12 13 14 16 | 16.2
Fighting       | 4 5 6 7 8 9 10 11 12 13 | 13.1

Action                   |  1- 3 |  4- 6 |  7- 9 | 10-12 | 13-15 || total
-------------------------+-------+-------+-------+-------+-------++-------
Melee: Unarmed           |   137 |   161 |   405 |  1176 |  1333 ||  3212
       Punch             |       |     4 |    12 |    79 |   117 ||   212
Invok: Berserk           |     1 |     3 |     1 |     1 |     3 ||     9
       Trog's Hand       |       |     1 |     1 |     5 |     2 ||     9
 Abil: Fly               |       |       |       |       |     1 ||     1
Evoke: Wand              |       |       |       |       |    11 ||    11
  Use: Scroll            |     3 |     4 |     7 |    17 |     9 ||    40
       Potion            |       |       |       |       |     1 ||     1
 Stab: Petrifying        |       |       |       |       |     3 ||     3
       Petrified         |       |       |       |       |     1 ||     1
  Eat: Chunk             |     2 |     5 |    11 |    22 |    19 ||    59
       Ration            |       |     1 |       |     2 |     2 ||     5
Armor: Ring mail         |    50 |    42 |    66 |       |       ||   158
       Chain mail        |       |       |   185 |   358 |       ||   543
       Scale mail        |       |       |       |   121 |   562 ||   683
       Plate armour      |       |       |       |    55 |       ||    55
Dodge: Dodged            |    89 |    86 |   326 |   713 |  1093 ||  2307
Block: Other             |       |       |       |    67 |       ||    67
       Reflection        |       |       |       |     2 |       ||     2
